 Dungeon Crawl Stone Soup version 0.28.0-53-g5a82cb258f (webtiles) character file.

Game seed: 452332626145614844

24500 Ashen the Envoy of Void (level 13, -13/103 HPs)
             Began as a Formicid Abyssal Knight on June 16, 2022.
             Was a High Priest of Lugonu.
             Killed from afar by a deep elf pyromancer (36 damage)
             ... with a bolt of fire
             ... on level 13 of the Dungeon.
             The game lasted 00:40:07 (14593 turns).

Ashen the Envoy of Void (Formicid Abyssal Knight)  Turns: 14593, Time: 00:40:08

Health: -13/103    AC: 10    Str: 19    XL:     13   Next: 43%
Magic:  20/20      EV: 33    Int: 10    God:    Lugonu [*****.]
Gold:   725        SH:  7    Dex: 21    Spells: 12/12 levels left

rFire   . . .      SeeInvis +   D - +3 dagger (venom)
rCold   . . .      Faith    .   x - +0 buckler
rNeg    . . .      Spirit   .   t - +0 troll leather armour
rPois   .          Reflect  .   (helmet unavailable)
rElec   .          Harm     .   c - +0 cloak
rCorr   .          Rampage  .   (no gloves)
Will    +....                   j - +2 pair of boots
Stlth   +++.......              d - amulet of the acrobat
HPRegen 1.07/turn               q - +4 ring of slaying
MPRegen 0.17/turn               r - +6 ring of dexterity

@: acrobatic
A: permanent stasis, dig shafts and tunnels, antennae 3, four strong arms
a: Dig, Shaft Self, Renounce Religion, Depart the Abyss, Bend Space, Banish,
Corrupt, Enter the Abyss


You were on level 13 of the Dungeon.
You worshipped Lugonu.
Lugonu was extremely pleased with you.
You visited 1 branch of the dungeon, and saw 13 of its levels.
You visited the Abyss 1 time.

You collected 725 gold pieces.

Inventory:

Hand Weapons
 a - a +1 falchion of flaming
 m - a +2 whip of draining
 y - a +5 scimitar
 C - a +4 great sword
 D - a +3 dagger of venom (weapon)
Missiles
 i - 2 throwing nets
Armour
 b - an orb of energy
 c - a +0 cloak (worn)
 j - a +2 pair of boots (worn)
 s - a +0 plate armour
 t - a +0 troll leather armour (worn)
 x - a +0 buckler (worn)
Jewellery
 d - an amulet of the acrobat (around neck)
 e - an amulet of faith
 n - a ring of resist corrosion
 q - a +4 ring of slaying (left hand)
 r - a +6 ring of dexterity (right hand)
Wands
 h - a wand of digging (9)
 F - a wand of paralysis (10)
Scrolls
 g - a scroll of fog
 l - 2 scrolls of magic mapping
 v - 3 scrolls of enchant armour
 E - a scroll of amnesia
Potions
 f - 2 potions of magic
 k - 5 potions of mutation
 o - 2 potions of resistance
 p - a potion of might
 u - 2 potions of brilliance {unknown}
 w - a potion of curing
 z - 4 potions of cancellation
 A - 4 potions of attraction {unknown}
 B - a potion of heal wounds
 G - a potion of haste
 J - a potion of degeneration {unknown}


   Skills:
 - Level 10.0 Fighting
 + Level 9.8 Long Blades
 - Level 10.0 Armour
 + Level 9.0 Dodging
 - Level 5.0 Stealth
 - Level 10.0 Shields
 - Level 10.0 Invocations


You had 12 spell levels left.
You didn't know any spells.
Your spell library contained the following spells:

 Spells                   Type           Power      Damage    Failure   Level
 Apportation              Tloc           0%         N/A       45%         1
 Pain                     Necr           0%         1d4       45%         1
 Sandblast                Erth           0%         2d4       45%         1
 Passwall                 Tmut/Erth      0%         N/A       58%         2
 Frozen Ramparts          Ice            0%         1d2       83%         3
 Ozocubu's Armour         Ice            0%         N/A       83%         3
 Stone Arrow              Conj/Erth      0%         3d7       83%         3
 Ice Form                 Ice/Tmut       0%         N/A       99%         4
 Summon Ice Beast         Ice/Summ       0%         N/A       99%         4
 Alistair's Intoxication  Tmut/Pois      0%         N/A       100%        5
 Metabolic Englaciation   Hex/Ice        0%         N/A       100%        5
 Simulacrum               Ice/Necr       0%         N/A       100%        6


Dungeon Overview and Level Annotations

Branches:
Dungeon (13/15)            Temple (0/1) D:4            Lair (0/6) D:11
    Orc (0/2) D:9
 Vaults: D:13-14

Altars:
Cheibriados
Trog
Xom

Annotations:
D:12 exclusion: obsidian statue


Innate Abilities, Weirdness & Mutations

You cannot be hasted, slowed, berserked, paralysed or teleported.
You can dig through walls and to a lower floor.
You have a pair of large antennae on your head. (SInv)
Your four strong arms can wield two-handed weapons with a shield.


Message History

The deep elf pyromancer casts a spell at you.
The sticky flame hits you.
You are covered in liquid flames!
You hit the deep elf pyromancer.
The deep elf pyromancer is poisoned.
The deep elf pyromancer is lightly wounded.
You are covered in liquid flames!
The deep elf pyromancer misses you. You block the fire elemental's attack.
You hit the deep elf pyromancer.
The deep elf pyromancer looks as sick as possible!
The deep elf pyromancer is moderately wounded.
You are covered in liquid flames!
The deep elf pyromancer gestures at you while chanting.
The sticky flame hits you but does no damage.
You are covered in liquid flames!
You block the fire elemental's attack.
You closely miss the deep elf pyromancer.
The deep elf pyromancer is heavily wounded.
You are covered in liquid flames!
You hit the deep elf pyromancer.
The deep elf pyromancer looks as sick as possible!
The deep elf pyromancer is heavily wounded.
You are covered in liquid flames!
The fire elemental barely misses you.
The deep elf pyromancer gestures at you while chanting.
The bolt of fire hits you!!
You hit the deep elf pyromancer.
The deep elf pyromancer looks as sick as possible!
The deep elf pyromancer is heavily wounded.
You are covered in liquid flames!
* * * LOW HITPOINT WARNING * * *
The fire elemental hits you. The fire elemental burns you!
* * * LOW HITPOINT WARNING * * *
You block the deep elf pyromancer's attack.
You are covered in liquid flames!
* * * LOW HITPOINT WARNING * * *
The fire elemental completely misses you.
The deep elf pyromancer points at you and mumbles some strange words.
The bolt of fire hits the fire elemental.
The fire elemental completely resists.
The bolt of fire hits you!!!
You die...

#.. ##.>#. #.. #.... ##
##..## ### #.#####..##
###.# #.......##
'####...## #.#####.#
.........# .# #.##
e....!##.#####.# ##.##
..... #.@.....# ##..##
########E#.....# #.....
#..eā—‹#####.### ##.###.
#..ā—‹.####....###......
#.##..##..............
## ##..........#.####.
#..#......##..###.
....####....###..#..
......# ##...###.....


You could see a deep elf pyromancer (extremely poisoned) and a fire elemental
(summoned).

Vanquished Creatures
  Snorg (D:10)
  A boulder beetle (D:11)
  A death knight (D:11)
  3 hydras
  4 two-headed ogres
  Erica (D:11)
  2 centaur warriors
  3 death yaks (D:11)
  Sonja (D:10)
  A deep elf pyromancer (D:13)
  An orc knight (D:11)
  A cyclops (D:12)
  Joseph (D:11)
  4 kobold demonologists
  A komodo dragon (D:11)
  An unseen horror (D:13)
  5 trolls
  4 slime creatures (D:12)
  2 wraiths
  A hog (shapeshifter) (D:13)
  A wyvern (D:9)
  Grum (D:11)
  26 yaks
  5 orc warriors
  2 hornet zombies
  An ice beast (D:7)
  A sky beast (D:6)
  3 black bears
  2 ogres
  8 centaurs
  4 wolves (D:10)
  4 kobold brigands
  2 bullfrogs (D:9)
  2 scorpions
  A wyvern skeleton (D:5)
  2 water moccasin skeletons
  6 killer bees (D:8)
  A howler monkey (D:6)
  15 wights
  4 centaur zombies
  3 hounds
  3 bullfrog zombies
  A centaur skeleton (D:3)
  2 orc priests
  2 jellies
  4 iguanas
  6 orc wizards
  A killer bee zombie (D:9)
  2 hound skeletons (D:5)
  2 gnolls
  7 adders
  2 white imps (D:6)
  2 dart slugs
  40 orcs
  5 ball pythons
  2 bats
  6 endoplasms
  3 goblins
  6 hobgoblins
  8 kobolds
  2 quokkas
  A frilled lizard (D:2)
  3 rats
  A bush (D:5)
244 creatures vanquished.

Vanquished Creatures (others)
  An orc wizard (D:9)
1 creature vanquished.

Grand Total: 245 creatures vanquished

Notes
Turn   | Place    | Note
-------+----------+-------------------------------------------
     0 | Abyss:1  | Ashen the Formicid Abyssal Knight began the quest for the
                  | Orb.
     0 | Abyss:1  | Reached XP level 1. HP: 18/18 MP: 2/2
    14 | D:1      | Escaped the Abyss
   157 | D:1      | Found a faded altar of an unknown god.
   165 | D:1      | Got Plato's Guide on Black Rites
   310 | D:1      | Reached skill level 1 in Dodging
   336 | D:1      | Reached XP level 2. HP: 24/24 MP: 3/3
  1183 | D:2      | Reached XP level 3. HP: 14/29 MP: 4/4
  1443 | D:2      | Found a bloodstained altar of Trog.
  1851 | D:3      | Reached XP level 4. HP: 37/37 MP: 6/6
  1988 | D:3      | Reached XP level 5. HP: 39/42 MP: 7/7
  2016 | D:3      | Reached ** piety under Lugonu
  2694 | D:3      | Reached XP level 6. HP: 34/48 MP: 8/8
  2956 | D:4      | Found a staircase to the Ecumenical Temple.
  3208 | D:4      | Noticed an ogre
  3484 | D:5      | Entered Level 5 of the Dungeon
  3484 | D:5      | Found a shimmering altar of Xom.
  3762 | D:5      | Reached XP level 7. HP: 17/55 MP: 8/10
  4238 | D:4      | Reached skill level 5 in Fighting
  4639 | D:5      | Found a snail-covered altar of Cheibriados.
  5065 | D:5      | Reached XP level 8. HP: 54/62 MP: 11/11
  5609 | D:6      | Reached skill level 5 in Invocations
  5833 | D:6      | Noticed a two-headed ogre
  5970 | D:6      | Reached skill level 5 in Armour
  6516 | D:6      | Reached *** piety under Lugonu
  6525 | D:6      | Reached XP level 9. HP: 54/69 MP: 13/13
  6768 | D:7      | Reached skill level 5 in Long Blades
  6901 | D:7      | Reached skill level 1 in Shields
  8213 | D:8      | Reached skill level 5 in Dodging
  8248 | D:8      | Noticed Joseph
  8489 | D:8      | Reached XP level 10. HP: 59/79 MP: 15/15
  8748 | D:9      | Noticed a kobold demonologist
  8755 | D:9      | Noticed a sixfirhy
  8755 | D:9      | Killed a kobold demonologist
  9614 | D:9      | Found a staircase to the Orcish Mines.
  9716 | D:10     | Entered Level 10 of the Dungeon
  9723 | D:10     | Reached **** piety under Lugonu
  9888 | D:10     | Reached skill level 5 in Shields
  9973 | D:10     | Noticed Sonja
  9979 | D:10     | Killed Sonja
 10011 | D:10     | Noticed a kobold demonologist
 10015 | D:10     | Noticed an ice devil
 10023 | D:10     | Noticed an orange demon
 10058 | D:10     | Killed a kobold demonologist
 10059 | D:10     | Reached XP level 11. HP: 68/81 MP: 17/17
 10187 | D:10     | Noticed a two-headed ogre
 10277 | D:10     | Killed a two-headed ogre
 10762 | D:11     | Noticed Snorg
 10762 | D:11     | Noticed Grum
 10858 | D:10     | Killed Snorg
 10890 | D:11     | Noticed a centaur warrior
 10899 | D:11     | Killed a centaur warrior
 10928 | D:11     | Killed Grum
 11052 | D:11     | Noticed a five-headed hydra
 11068 | D:11     | Killed a one-headed hydra
 11069 | D:11     | Reached XP level 12. HP: 60/95 MP: 19/19
 11138 | D:11     | Identified the +1 robe of Sorcery {Dex+2}
 11163 | D:11     | Killed Joseph
 11299 | D:11     | Identified the +1 scale mail "Opunwoc" {+Blink SInv Stlth+}
 11320 | D:11     | Noticed a death yak
 11321 | D:11     | Noticed a death yak
 11370 | D:11     | Killed a death yak
 11474 | D:11     | Reached skill level 1 in Stealth
 11494 | D:11     | Noticed a death yak
 11686 | D:11     | Killed a death yak
 11754 | D:11     | Killed a death yak
 11755 | D:11     | Reached skill level 10 in Invocations
 11907 | D:11     | Noticed a two-headed ogre
 12028 | D:11     | Noticed a boulder beetle
 12044 | D:11     | Noticed Erica
 12047 | D:11     | Killed a boulder beetle
 12081 | D:11     | Killed Erica
 12123 | D:11     | Found a staircase to the Lair.
 12210 | D:11     | Noticed a sixfirhy
 12217 | D:11     | Reached skill level 5 in Stealth
 12222 | D:11     | Noticed a death knight
 12361 | D:10     | Killed a two-headed ogre
 12599 | D:11     | Killed a death knight
 12600 | D:11     | Reached skill level 10 in Fighting
 12934 | D:12     | Noticed a six-headed hydra
 12950 | D:12     | Killed a one-headed hydra
 12951 | D:12     | Reached XP level 13. HP: 60/103 MP: 20/20
 13124 | D:11     | Reached ***** piety under Lugonu
 13500 | D:11     | Reached skill level 10 in Armour
 14344 | D:13     | Noticed a centaur warrior
 14355 | D:13     | Killed a centaur warrior
 14440 | D:13     | Noticed a five-headed hydra
 14450 | D:13     | Killed a one-headed hydra
 14451 | D:13     | Reached skill level 10 in Shields
 14593 | D:13     | Killed from afar by a deep elf pyromancer

Illustrated notes

Levels and vault maps discovered:
D:1:      wander_arrival_estate, layout_basic,
          shapermc_ecumenical_altar_rom_forum, minmay_vboxes
D:2:      layout_basic, basic_altar
D:3:      layout_loops_ring, cheibrodos_gnoll_hut
D:4:      layout_cave_pools, minmay_temple_entry_ruins
D:5:      layout_cave_pools, kennysheep_little_box, serial_park,
          serial_park_square3 [serial_park_minivault_5x5_4], serial_park_square3
          [serial_park_minivault_5x5_2], serial_park_square2,
          serial_park_tiny_pond, serial_park_square1
          [serial_park_minivault_5x5_8], st_stairs_11
D:6:      layout_basic, minmay_fractal_squares_5
D:7:      layout_loops_ring, nicolae_concentric_dashed_squares_wild,
          minivault_23
D:8:      layout_rooms, uniq_joseph
D:9:      layout_irregular_city, hiddenorc1_lemuel,
          hangedman_decor_clover_reticule
D:10:     layout_loops_ring, uniq_sonja
D:11:     layout_cave_pools, dpeg_lair_monsters, uniq_erica, uniq_snorg,
          uniq_grum
D:12:     layout_gridville, minivault_15
D:13:     layout_layer_cave, david_vaults_1

Skill      XL: |  1  2  3  4  5  6  7  8  9 10 11 12 13 |
---------------+----------------------------------------+-----
Dodging        | 1 2 3 4 5 6 7 8 9 |  9.0
Invocations    | 3 4 5 7 8 9 10 | 10.0
Fighting       | 4 5 6 7 8 9 10 | 10.0
Armour         | 3 4 5 6 7 8 9 10 | 10.0
Long Blades    | 3 4 5 6 7 8 9 |  9.8
Shields        | 3 5 7 8 10 | 10.0
Stealth        | 5 |  5.0

Action                   |  1- 3 |  4- 6 |  7- 9 | 10-12 | 13-15 || total
-------------------------+-------+-------+-------+-------+-------++-------
Melee: Falchion          |    58 |    76 |   307 |    14 |     8 ||   463
       Punch             |     1 |     1 |     3 |       |       ||     5
       Great sword       |       |       |    98 |   301 |    43 ||   442
       Scimitar          |       |       |    15 |       |       ||    15
       Dagger            |       |       |       |   369 |   107 ||   476
Invok: Bend Space        |       |     1 |       |     6 |       ||     7
 Abil: Dig               |       |       |     1 |    14 |       ||    15
Evoke: Wand              |       |       |       |     1 |       ||     1
  Use: Scroll            |     7 |     4 |     6 |     8 |       ||    25
       Potion            |       |       |     2 |     3 |       ||     5
 Stab: Sleeping          |     2 |       |       |       |       ||     2
       Paralysed         |       |       |       |     1 |       ||     1
Armor: Leather armour    |    18 |    45 |       |       |       ||    63
       Plate armour      |       |       |   247 |    53 |       ||   300
       Skin              |       |       |     7 |     8 |       ||    15
       Troll leather arm |       |       |       |    95 |    30 ||   125
Dodge: Dodged            |    37 |    78 |   201 |   396 |   123 ||   835
Block: Buckler           |       |       |    55 |   223 |    64 ||   342
